 Dungeon Crawl Stone Soup version 0.18.1-5-g4a78601 (webtiles) character file.

1907 PossumBlood the Cleaver (level 9, -1/64 HPs)
             Began as a Formicid Fighter on May 10, 2016.
             Was a Priest of Okawaru.
             Slain by an orc warrior
             ... wielding a +0 battleaxe
              (10 damage)
             ... on level 8 of the Dungeon.
             The game lasted 00:16:10 (6016 turns).

PossumBlood the Cleaver (Formicid Fighter)          Turns: 6016, Time: 00:16:10

Health: -1/64      AC: 13    Str: 23    XL:     9   Next: 38%
Magic:  9/9        EV:  4    Int:  9    God:    Okawaru [***...]
Gold:   477        SH:  9    Dex: 10    Spells: 0 memorised, 8 levels left

rFire  . . .     SeeInvis +     a - +0 war axe
rCold  . . .     Gourm    .     H - +0 plate armour
rNeg   . . .     Faith    .     c - +0 shield
rPois  +         Spirit   .     (helmet unavailable)
rElec  .         Dismiss  .     y - +0 cloak
rCorr  .         Reflect  .     (no gloves)
SustAt .         Harm     .     C - +0 pair of boots
MR     +....                    (no amulet)
Stlth  ..........               D - ring of protection from magic
                                q - ring of poison resistance

@: somewhat resistant to hostile enchantments, extremely unstealthy
A: permanent stasis, dig shafts and tunnels, four strong arms, antennae 3
a: Dig, Shaft Self, Heroism, Renounce Religion


You were on level 8 of the Dungeon.
You worshipped Okawaru.
Okawaru was most pleased with you.
You were not hungry.

You visited 1 branch of the dungeon, and saw 8 of its levels.
You also visited: Ossuary.

You collected 477 gold pieces.

Inventory:

Hand Weapons
 a - a +0 war axe (weapon)
 F - a +1 quarterstaff of protection
Armour
 c - a +0 shield (worn)
 y - a +0 cloak (worn)
 C - a +0 pair of boots (worn)
 H - a +0 plate armour (worn)
 J - a +0 large shield
Magical Staves
 B - an uncursed staff of wizardry {unknown}
Jewellery
 h - an uncursed ring of ice
 q - a ring of poison resistance (left hand)
 D - a ring of protection from magic (right hand)
Wands
 b - a wand of random effects (14/48)
 j - a wand of random effects (27/48)
 w - a wand of iceblast (8/15)
 z - a wand of disintegration (13/24)
Scrolls
 f - 3 scrolls of identify
 g - 2 scrolls of vulnerability {unknown}
 i - 5 scrolls of remove curse
 l - a scroll of recharging
 p - 2 scrolls of fog
 u - a scroll of fear
 E - a scroll of magic mapping
 M - 3 scrolls of blinking {unknown}
Potions
 d - a potion of might
 e - a potion of haste {unknown}
 k - a potion of magic {unknown}
 m - a potion of brilliance
 n - 2 potions of mutation
 r - 4 potions of curing
 s - 2 potions of resistance
 v - a potion of cure mutation
 x - 2 potions of cancellation
 A - a potion of berserk rage {unknown}
 G - 3 potions of lignification {unknown}
 I - a potion of agility {unknown}
 N - 2 potions of invisibility {unknown}
Comestibles
 o - a meat ration
 t - 3 fruits
 K - 5 bread rations
 O - 6 beef jerkies


   Skills:
 - Level 3.2 Fighting
 * Level 11.6 Axes
 - Level 3.2 Armour
 - Level 3.6 Shields


You had 8 spell levels left.
You didn't know any spells.

Dungeon Overview and Level Annotations

Branches:
Dungeon (8/15)             Temple (0/1) D:7
   Lair: D:8-11

Altars:
Kikubaaqudgha
Makhleb
Nemelex Xobeh
Okawaru
Ru
Xom


Innate Abilities, Weirdness & Mutations

You are under a permanent stasis effect.
You can dig through walls and to a lower floor.
Your four strong arms can wield two-handed weapons with a shield.
You have a pair of large antennae on your head (SInv).


Message History

You slash the orc!
You kill the orc!
Okawaru accepts your kill.
The orc warrior hits you with a battleaxe!
* * * LOW HITPOINT WARNING * * *
Drink which item? (? for menu, Esc to quit)
You feel better.
The orc warrior hits you with a battleaxe!
* * * LOW HITPOINT WARNING * * *
Drink which item? (? for menu, Esc to quit)
You feel better. You block the orc warrior's attack.
You hit the orc warrior.
The orc warrior is severely wounded.
You hit the orc warrior.
The orc warrior is almost dead.
You block the orc warrior's attack.
You closely miss the orc warrior.
The orc warrior is almost dead.
The orc warrior hits you with a battleaxe!
You die...

### .... ######.....
##..)†.[....
#...@o......
#..###...... ######..#
###.############
#.......###.# #
#........
#.#.......#..
#........
#.+.....#.#.#
#........
###....<#.#.#
#........ ###...#.#.#
#..≈..≈..
#...#.#.######........


You could see an orc warrior.

Vanquished Creatures
  Menkaure (D:7)
  Duvessa (D:7)
  A black bear (D:5)
  A phantom (D:5)
  2 ogres
  A centaur (D:8)
  A giant frog (D:6)
  3 elf zombies (Ossuary)
  Dowan (D:7)
  A vampire bat (D:4)
  A crimson imp (D:6)
  2 centaur zombies (Ossuary)
  4 hounds
  4 orc priests
  2 centaur skeletons (D:6)
  An iguana (D:5)
  2 orc wizards
  A human zombie (Ossuary)
  6 worker ants
  A big kobold zombie (Ossuary)
  2 mummies (Ossuary)
  9 adders
  An ooze (D:7)
  An adder skeleton (D:7)
  2 worms
  3 dart slugs
  6 giant geckos
  23 orcs
  2 ball pythons
  4 bat skeletons (D:4)
  3 bat zombies (D:4)
  5 giant cockroaches
  8 goblins
  9 hobgoblins
  6 jackals (D:6)
  A quokka (D:4)
  7 bats
  4 giant newts
  9 hobgoblin zombies (Ossuary)
  3 jackal zombies (Ossuary)
  7 kobolds
  7 kobold zombies (Ossuary)
  11 orc zombies (Ossuary)
  5 rats
175 creatures vanquished.

Notes
Turn   | Place    | Note
--------------------------------------------------------------
     0 | D:1      | PossumBlood the Formicid Fighter began the quest for the Orb.
     0 | D:1      | Reached XP level 1. HP: 18/18 MP: 1/1
    87 | D:1      | Reached XP level 2. HP: 21/24 MP: 2/2
   130 | D:1      | Reached skill level 3 in Axes
   166 | D:1      | Reached XP level 3. HP: 22/29 MP: 3/3
   957 | D:2      | Reached skill level 4 in Axes
   957 | D:2      | Reached XP level 4. HP: 27/35 MP: 4/4
  1369 | D:3      | Found an iron altar of Okawaru.
  1380 | D:3      | Became a worshipper of Warmaster Okawaru
  1646 | D:3      | Reached XP level 5. HP: 41/41 MP: 5/5
  1710 | D:3      | Found a faded altar to an unknown god.
  1737 | D:3      | Found a sacrificial altar of Ru.
  1972 | D:3      | Reached skill level 5 in Axes
  2293 | D:4      | Reached XP level 6. HP: 21/47 MP: 6/6
  2403 | D:4      | Reached skill level 6 in Axes
  3040 | D:4      | Reached * piety under Okawaru
  3164 | D:4      | Reached XP level 7. HP: 49/52 MP: 7/7
  3175 | D:4      | Found an ancient bone altar of Kikubaaqudgha.
  3204 | D:4      | Reached skill level 7 in Axes
  3453 | D:5      | Entered Level 5 of the Dungeon
  3650 | D:5      | Reached skill level 8 in Axes
  3708 | D:5      | Reached XP level 8. HP: 17/58 MP: 8/8
  3985 | D:5      | Found a burning altar of Makhleb.
  4500 | D:6      | Reached skill level 9 in Axes
  4731 | D:6      | Found a sparkling altar of Nemelex Xobeh.
  4926 | D:7      | Found a shimmering altar of Xom.
  4926 | D:7      | Found a shimmering altar of Xom.
  4936 | D:7      | Noticed Duvessa
  4937 | D:7      | Noticed Dowan
  4951 | D:7      | Killed Dowan
  4964 | D:7      | Killed Duvessa
  4964 | D:7      | Reached ** piety under Okawaru
  4964 | D:7      | Reached skill level 10 in Axes
  5106 | D:7      | Found a shimmering altar of Xom.
  5141 | D:7      | Noticed Menkaure
  5153 | D:7      | Killed Menkaure
  5314 | D:7      | Found a staircase to the Ecumenical Temple.
  5315 | D:7      | Found a sand-covered staircase.
  5325 | Ossuary  | Entered an ossuary
  5470 | Ossuary  | Reached XP level 9. HP: 61/64 MP: 9/9
  5567 | Ossuary  | Reached skill level 11 in Axes
  5962 | D:8      | Reached *** piety under Okawaru
  6012 | D:8      | HP: 1/64 [orc warrior/battleaxe (9)]
  6016 | D:8      | Slain by an orc warrior

Skill      XL: |  1  2  3  4  5  6  7  8  9 |
---------------+----------------------------+-----
Axes           | 3 4 5 6 8 10 11 | 11.6
Fighting       | |  3.2
Armour         | |  3.2
Shields        | |  3.6

Action                   |  1- 3 |  4- 6 |  7- 9 || total
-------------------------+-------+-------+-------++-------
Melee: War axe           |    79 |   236 |   426 ||   741
  Use: Scroll            |       |     2 |    17 ||    19
       Potion            |       |       |     4 ||     4
  Eat: Bread ration      |       |     2 |     1 ||     3
       Pizza             |       |       |     2 ||     2
       Beef jerky        |       |       |     1 ||     1
       Fruit             |       |       |     1 ||     1
Armor: Scale mail        |    40 |    47 |       ||    87
       Plate armour      |       |    98 |   205 ||   303
Dodge: Dodged            |    20 |    61 |    56 ||   137
Block: Shield            |    54 |   121 |   209 ||   384
